[Event "Polish University-ch Open 2024"]
[Site "Lublin"]
[Date "2024.02.24"]
[Round "8.7"]
[White "Kowalski, Igor"]
[Black "Fiedorek, Michal"]
[Result "1-0"]
[ECO "D30"]
[WhiteElo "2372"]
[BlackElo "2286"]
[Annotator "TA"]
[PlyCount "69"]
[EventDate "2024.02.22"]
[EventType "swiss"]
[EventCountry "POL"]
[SourceTitle "playchess.com"]
[Source "ChessBase"]
[SourceQuality "1"]
[TimeControl "600+3"]

1. d4 d5 2. c4 e6 3. Nf3 Nf6 4. g3 Be7 5. Bg2 O-O 6. O-O c6 7. Qd3 dxc4 8. Qxc4 b5 9. Qc2 Bb7 10. Rd1 Nbd7 11. a4 a5 12. Ne5 {[%emt 0:00:10] White has an edge.} Nxe5 13. dxe5 Nd5 14. Nc3 b4 15. Ne4 c5 16. Nd6 {[%emt 0:00:33] Dodges Rc8} Bxd6 17. exd6 {[%emt 0:00:01] Black must now prevent e4.} Rc8 (17... Qxd6 $2 18. e4 $18) 18. e4 Nb6 19. Be3 Qd7 20. b3 (20. Bxc5 Qc6 21. Rac1 Nd7 $19 (21... Nxa4 $2 22. d7 $18)) ({White should play} 20. Bf1 $16) 20... Qc6 ({Better is} 20... f5 $14) 21. Rac1 {[%emt 0:00:05] White is more active.} Nd7 22. f4 $36 {[%emt 0:00:08][%mdl 2048] White has good play.} Rfd8 23. Qf2 Ba8 24. Rd2 h6 25. h3 Bb7 (25... Qa6 $142) 26. g4 $16 Ba8 (26... Qa6 $16) 27. g5 hxg5 28. fxg5 Bb7 (28... Rf8 $16 {was worth a try.} 29. Qf4 Qb7) 29. Qg3 $18 Qa6 30. g6 fxg6 (30... f6 $142 31. Bf1 Qc6) 31. Qxg6 {[%emt 0:00:08][%cal Oe3h6] [#] Threatening mate with Bh6!} Nf8 32. Qg3 {[%emt 0:00:02] Strongly threatening d7.} Qa8 $2 (32... c4 33. Bf1 Bxe4) 33. d7 {[%emt 0:00:29] White threatens Bh6 and mate.} Rxd7 34. Rxd7 (34. Rxc5 $2 {is the wrong capture.} Rxc5 (34... Bxe4 $2 {too greedy.} 35. Rxd7 Nxd7 36. Bxe4 $18) (34... Rxd2 $2 35. Bxd2 Rxc5 36. Bh6 $19) 35. Rxd7 Nxd7 $19) 34... Nxd7 35. Bh6 {[%emt 0:00:01] Weighted Error Value: White=0.26 (precise) /Black=0.62.  Mistake:       	White=1     	Black=6      Inaccurate:     	White=3     	Black=5      OK:         	White=7     	Black=7      Best:        	White=2     	Black=2} 1-0

[Event "Polish University-ch Open 2024"]
[Site "Lublin"]
[Date "2024.02.24"]
[Round "8.8"]
[White "Walter, Szymon"]
[Black "Dalkowski, Rafal"]
[Result "1-0"]
[ECO "B12"]
[WhiteElo "2305"]
[BlackElo "2093"]
[Annotator "TA"]
[PlyCount "105"]
[EventDate "2024.02.22"]
[EventType "swiss"]
[EventCountry "POL"]
[SourceTitle "playchess.com"]
[Source "ChessBase"]
[SourceQuality "1"]
[TimeControl "600+3"]

1. e4 c6 2. d4 d5 3. f3 dxe4 4. fxe4 e5 5. Nf3 Bg4 6. Bc4 Nd7 7. O-O {[%emt 0:00:04][%cal Oc4f7] [#] aiming for Bxf7+!} (7. dxe5 Bxf3 8. Qxf3 Nxe5 $17) 7... Ngf6 8. c3 Bd6 9. Bg5 {[%emt 0:00:13] The position is equal.} O-O 10. Nbd2 b5 11. Bb3 Qc7 12. Qe1 Bh5 13. Qh4 {[%emt 0:01:03] dxe5 would now be deadly.} Bg6 $1 14. Rae1 Rae8 15. dxe5 Nxe5 16. Bxf6 gxf6 17. Bc2 Nd7 (17... c5 $11) 18. Nd4 $14 Bc5 19. N2f3 Re5 20. Qg3 (20. Nxe5 $2 fxe5 21. Qf2 exd4 22. cxd4 Bb6 $19) 20... Qb8 {[%emt 0:00:00] White leaves nothing to chance now.} 21. Kh1 (21. Nxe5 fxe5 22. Qe3 (22. b4 $2 Bb6 $19) 22... Bb6 $19 (22... exd4 $2 23. cxd4 Bb6 24. Kh1 $19)) 21... Rh5 (21... Ree8 $16 {keeps fighting.}) 22. Qxb8 $18 Nxb8 {[%emt 0:00:00] [#]} 23. g4 $1 Rh6 24. Kg2 Bd6 (24... Kh8 $142 25. h4 Rg8) 25. h4 Kh8 26. Kf2 Nd7 27. h5 (27. Nxc6 $6 Rc8 $18) 27... Bxh5 (27... Ne5 $142) 28. gxh5 Rxh5 29. Rh1 Rxh1 30. Rxh1 Ne5 31. Nxe5 fxe5 32. Nf5 ({Don't do} 32. Nxc6 $6 Rc8 $18) 32... Bc5+ 33. Ke2 Rg8 34. Kf3 {[%emt 0:00:03] Inhibits Rg2.} Rg6 35. Bb3 Kg8 36. Rd1 h5 37. Rd8+ Kh7 38. Rd7 Rg1 39. Rxf7+ Kh8 (39... Kg6 $142 40. Ne7+ Kh6 41. Rf6+ (41. Nxc6 h4 $18) (41. Nf5+ Kg5 $18) 41... Kg7) 40. Rf6 Rf1+ 41. Kg3 Be3 {[%emt 0:00:09] Repels Rh6+} 42. Rxc6 Bf4+ 43. Kg2 Re1 44. Kf3 Rf1+ 45. Ke2 Rh1 46. Rc7 a5 47. Ne7 Rg1 {[%emt 0:00:05] Prevents Ng6+} 48. Nf5 $2 (48. Be6 $18 Rg3 49. Kf2) 48... a4 $2 (48... Rh1 $11 49. Bf7 Rh2+ 50. Kf1 Bg5) 49. Bf7 {[%emt 0:00:02] White is clearly winning.} Rg2+ 50. Kf3 Rd2 51. Bxh5 {[%emt 0:00:03] Black must now prevent Bg6.} Rd8 52. Ne7 Kg7 53. Nc6+ {[%emt 0:00:01] Weighted Error Value: White=0.15 (very precise) /Black=0.29 (precise) .  Loses game:     	---       	Black=1      Mistake:       	---       	Black=6      Inaccurate:     	White=1     	Black=2      OK:         	White=13    	Black=8      Best:        	White=3     	Black=3      Strong:       	---       	Black=1} 1-0

[Event "Polish University-ch Open 2024"]
[Site "Lublin"]
[Date "2024.02.24"]
[Round "8.9"]
[White "Posluszny, Tomasz"]
[Black "Snihur, Piotr"]
[Result "1/2-1/2"]
[ECO "E11"]
[WhiteElo "2001"]
[BlackElo "2278"]
[Annotator "RC"]
[PlyCount "79"]
[EventDate "2024.02.22"]
[EventType "swiss"]
[EventCountry "POL"]
[SourceTitle "playchess.com"]
[Source "ChessBase"]
[SourceQuality "1"]
[TimeControl "600+3"]

1. d4 Nf6 2. Nf3 e6 3. c4 Bb4+ 4. Nbd2 O-O 5. e3 d6 6. a3 Bxd2+ 7. Qxd2 Qe7 8. Qc2 a5 9. b3 e5 10. Be2 Bg4 11. h3 Bh5 12. Bb2 Nbd7 13. Nd2 Bxe2 14. Kxe2 Ne8 15. Rac1 f5 16. dxe5 dxe5 17. c5 Kh8 18. c6 bxc6 19. Qxc6 Rb8 20. Rhd1 Rb6 21. Qd5 Rg6 22. Nc4 Nef6 23. Qc6 f4 24. Rg1 Ng4 25. Qd5 c6 26. Qd3 Nxf2 27. Kxf2 fxe3+ 28. Ke1 Qh4+ 29. Kd1 Qf2 30. Qxe3 Qf7 31. Re1 Nf6 32. Nxe5 Qd5+ 33. Qd3 Qxd3+ 34. Nxd3 Rxg2 35. Rc2 Rg3 36. Rd2 Rxh3 37. Kc2 Nd5 38. Ne5 Kg8 39. Kb1 Rxb3 40. Rd3 1/2-1/2

[Event "Polish University-ch Open 2024"]
[Site "Lublin"]
[Date "2024.02.24"]
[Round "8.10"]
[White "Dzida, Kamil"]
[Black "Lis, Mateusz"]
[Result "1-0"]
[ECO "B42"]
[WhiteElo "2403"]
[BlackElo "2019"]
[Annotator "TA"]
[PlyCount "95"]
[EventDate "2024.02.22"]
[EventType "swiss"]
[EventCountry "POL"]
[SourceTitle "playchess.com"]
[Source "ChessBase"]
[SourceQuality "1"]
[TimeControl "600+3"]

1. e4 c5 2. Nf3 e6 3. d4 cxd4 4. Nxd4 a6 5. Bd3 Nf6 6. O-O d6 7. f4 Nbd7 8. Kh1 g6 9. Nc3 Bg7 10. Qe2 {[%emt 0:00:47] [#] aiming for e5.} O-O {[%emt 0:00:04] The position is equal.} 11. Bd2 e5 (11... Nc5 $142) 12. Nf3 b5 13. a3 (13. fxe5 $11 dxe5 14. b4) 13... Re8 (13... exf4 $15 14. Bxf4 Qc7) 14. Rae1 Nc5 15. Qf2 Nxd3 ({Better is} 15... Bb7 $15) 16. cxd3 $11 Bb7 17. Qh4 (17. f5 $11) 17... Nh5 $15 {[%emt 0:00:13] White must now prevent ...Qxh4.} 18. f5 Qxh4 19. Nxh4 Bf6 20. g3 Rad8 (20... Bxh4 $15 21. gxh4 f6) 21. Ng2 $11 Bg7 22. Bg5 f6 (22... Rd7 $1 $11) 23. Bc1 g5 (23... d5 $142) 24. Ne3 $16 Bf8 25. Bd2 Ng7 26. Ncd5 Kf7 27. Rc1 $36 {[%emt 0:00:10][%mdl 2048] Keeping Black busy.} Rc8 28. Nb6 {[%emt 0:00:13] A dynamic duo of knights.} Rxc1 29. Rxc1 {[%emt 0:00:01] Hoping for Ned5.} ({Don't do} 29. Bxc1 $6 Be7 $14) 29... Re7 $2 (29... Rb8 30. Rc7+ Kg8) 30. Ned5 $18 Bxd5 31. Nxd5 Rb7 32. Rc6 Ra7 33. Ba5 Ne8 34. Nb4 g4 35. Rxa6 ({Much less strong is} 35. Nxa6 $6 h5 36. Kg2 Be7 $18) (35. Nd5 $18) 35... Rb7 $2 {[%emt 0:00:01] Loses the game.} (35... Rxa6 $16 {is a better defense.} 36. Nxa6 Bh6) 36. Rc6 Bh6 37. Nd5 Bg5 38. Bb4 Rd7 39. Kg2 Rd8 40. Kf1 h5 41. Ke2 h4 42. Bd2 Bxd2 43. Kxd2 hxg3 44. hxg3 {[%emt 0:00:01] KRN-KRN} Rd7 45. Ke3 Kf8 (45... Rb7 $142 46. Rc8 (46. d4 Rb8 $18) 46... Ng7) 46. Rc8 Kf7 {[#]} 47. Rxe8 $1 {[%mdl 512] Threatening mate with Rh8.} Kxe8 (47... Ra7 48. Re6) 48. Nxf6+ {[%emt 0:00:03] Weighted Error Value: White=0.26 (precise) /Black=0.63.  Loses game:     	---       	Black=1      Mistake:       	White=3     	Black=8      Inaccurate:     	White=2     	Black=1      OK:         	White=12    	Black=9      Best:        	White=1     	Black=2} 1-0

[Event "Polish University-ch Open 2024"]
[Site "Lublin"]
[Date "2024.02.24"]
[Round "8.11"]
[White "Pytel, Maciej"]
[Black "Brzezinski, Mateusz"]
[Result "0-1"]
[ECO "B20"]
[WhiteElo "1965"]
[BlackElo "2176"]
[Annotator "RC"]
[PlyCount "68"]
[EventDate "2024.02.22"]
[EventType "swiss"]
[EventCountry "POL"]
[SourceTitle "playchess.com"]
[Source "ChessBase"]
[SourceQuality "1"]
[TimeControl "600+3"]

1. f4 Nf6 2. Nf3 g6 3. g3 Bg7 4. Bg2 O-O 5. O-O d6 6. d3 c5 7. e4 Nc6 8. c3 Rb8 9. Qe1 b5 10. h3 b4 11. d4 bxc3 12. bxc3 cxd4 13. cxd4 Nb4 14. Na3 Ba6 15. Bd2 Bxf1 16. Bxf1 a5 17. e5 dxe5 18. fxe5 Nfd5 19. Qe4 Qd7 20. Nc4 Rfc8 21. a3 Nc6 22. Re1 a4 23. Ng5 Nd8 24. Ne3 Nxe3 25. Bxe3 e6 26. Bd2 h6 27. Nf3 Qd5 28. Qe2 Rb3 29. Bg2 Nc6 30. Rc1 Rd8 31. Kh1 Nxd4 32. Nxd4 Qxd4 33. Ba5 Rdb8 34. Rd1 Rb1 0-1

[Event "Polish University-ch Open 2024"]
[Site "Lublin"]
[Date "2024.02.24"]
[Round "8.12"]
[White "Bilczewski, Kacper"]
[Black "Szustakowski, Antoni"]
[Result "0-1"]
[ECO "C13"]
[WhiteElo "2139"]
[BlackElo "2354"]
[Annotator "RC"]
[PlyCount "78"]
[EventDate "2024.02.22"]
[EventType "swiss"]
[EventCountry "POL"]
[SourceTitle "playchess.com"]
[Source "ChessBase"]
[SourceQuality "1"]
[TimeControl "600+3"]

1. e4 e6 2. d4 d5 3. Nc3 Nf6 4. Bg5 dxe4 5. Nxe4 Be7 6. Bxf6 gxf6 7. Nf3 a6 8. Qd2 f5 9. Nc3 Nd7 10. O-O-O Bf6 11. Bc4 b5 12. Bb3 Bb7 13. d5 e5 14. Rhe1 O-O 15. d6 c6 16. g4 b4 17. Na4 e4 18. gxf5 exf3 19. Rg1+ Kh8 20. Qh6 Rg8 21. Kb1 Rg2 22. Bxf7 Qf8 23. Qh5 c5 24. Be6 Bc6 25. Bxd7 Bxd7 26. Nxc5 Bc6 27. Ne6 Qg8 28. Rge1 Rxf2 29. Qh6 Bg7 30. Qf4 Re2 31. d7 Rxe1 32. Rxe1 Bxd7 33. Qxf3 Bxe6 34. fxe6 Re8 35. Qc6 Qf8 36. Qxa6 Qf6 37. c3 bxc3 38. Qb5 Qg6+ 39. Ka1 cxb2+ 0-1

[Event "Polish University-ch Open 2024"]
[Site "Lublin"]
[Date "2024.02.24"]
[Round "8.13"]
[White "Hrymowicz, Artur"]
[Black "Nowak, Mikolaj"]
[Result "1-0"]
[ECO "C45"]
[WhiteElo "2131"]
[BlackElo "2317"]
[Annotator "TA"]
[PlyCount "121"]
[EventDate "2024.02.22"]
[EventType "swiss"]
[EventCountry "POL"]
[SourceTitle "playchess.com"]
[Source "ChessBase"]
[SourceQuality "1"]
[TimeControl "600+3"]

1. e4 e5 2. Nf3 Nc6 3. d4 exd4 4. Nxd4 Bb4+ 5. c3 Bc5 6. Be3 Bb6 {[%emt 0:00:01] C45: Scotch Game.} 7. Bb5 Nf6 8. Nd2 O-O 9. O-O Nxd4 10. Bxd4 c6 11. Bd3 d6 12. Qc2 $146 ({Predecessor:} 12. Qf3 Bxd4 13. cxd4 Be6 14. e5 dxe5 15. dxe5 Ng4 16. Qe4 g6 17. Qe2 Qa5 18. Nf3 {½-½ El Debs,F (2523)-Damaso,R (2444) Olympiad-42 Baku 2016 (10.3)}) 12... Bc7 13. Rae1 h6 14. h3 c5 15. Be3 b6 (15... Re8 $11 {is more appropriate.}) 16. Bf4 Bb7 17. a4 Re8 18. Bh2 d5 19. e5 Nd7 20. f4 c4 21. Bf5 Nc5 22. Nf3 Bc6 {[%emt 0:00:02] [#]} 23. a5 (23. Nd4 $1 $16 Bxa4 24. Qe2) 23... bxa5 $15 24. Nd4 Bd7 25. Bxd7 Qxd7 26. Re3 (26. Kh1 $17) 26... f6 (26... Ne4 $19 27. Kh1 Rab8) 27. Rfe1 (27. Kh1 $142) 27... Ne4 28. Rxe4 dxe4 29. Qxe4 fxe5 (29... Bb6 $19 {Threatens to win with ...f5.} 30. Rd1 Rad8) 30. fxe5 $11 Rad8 31. Kh1 (31. e6 $1 $11 Bxh2+ 32. Kxh2 Qd6+ 33. Kh1) 31... Qd5 ({Better is} 31... Bb6 $15 32. e6 Qd5) 32. Qe2 $2 (32. Qg6 $1 $14 {was the only good move.} Bxe5 33. Qh5) 32... Kh8 33. e6 Bxh2 34. Kxh2 Re7 35. Qg4 Rf8 36. Qh4 (36. Qg3 $15) 36... Rf6 37. Kh1 Kh7 38. Qg3 a4 39. Kh2 Qb7 40. Re2 Qd5 41. Re1 Rg6 42. Qf2 Rf6 43. Qg3 $1 a6 44. Re2 Qc5 45. Qe3 Qd6+ 46. Kg1 Qd5 (46... Re8 {looks sharper.} 47. Qc1 Ref8 48. Qa1 g6) 47. Kh2 a5 (47... Re8 $17) 48. Kg1 Kh8 (48... Re8 $15) 49. Kh2 a3 50. bxa3 Qd6+ (50... Rf1 {is interesting.} 51. a4 Re8 52. Qg3 Qb7) 51. Qe5 Qxa3 52. Nf5 $2 {[%emt 0:00:04][%mdl 8192] [#]} (52. Qd5 $11 Kh7 (52... Qxc3 $2 53. Qd8+ Kh7 54. Qxe7 $18) 53. Nf5) 52... Kh7 $2 ({Black should play} 52... Rexe6 $1 $19 53. Qb8+ Kh7) 53. Nxe7 $16 Qxe7 54. Qe4+ (54. Qxa5 Qd6+ 55. Qe5 Rxe6 56. Qxd6 Rxd6 $16) 54... Kh8 55. Qa8+ (55. Qxc4 Qd6+ 56. g3 Rf3 $17) 55... Kh7 56. Qe4+ (56. Qxa5 Qd6+ 57. Qe5 Rxe6 58. Qxd6 Rxd6 $16) 56... Kh8 $1 57. Qa8+ ({Reject} 57. Qxc4 $6 Qd6+ 58. g3 Rf3 $15) 57... Kh7 58. Qd5 (58. Qxa5 Qd6+ 59. Qe5 Rxe6 60. Qxd6 Rxd6) ({White should try} 58. Qc6 $16) 58... a4 59. Qxc4 a3 60. Qd3+ Kh8 $2 (60... Rg6 $16 61. c4 a2 62. Rxa2 Qxe6) 61. Qd7 1-0

[Event "Polish University-ch Open 2024"]
[Site "Lublin"]
[Date "2024.02.24"]
[Round "8.14"]
[White "Musial, Tomasz"]
[Black "Pacan-Milej, Kosma"]
[Result "1-0"]
[ECO "B11"]
[WhiteElo "2171"]
[BlackElo "2438"]
[Annotator "RC"]
[PlyCount "119"]
[EventDate "2024.02.22"]
[EventType "swiss"]
[EventCountry "POL"]
[SourceTitle "playchess.com"]
[Source "ChessBase"]
[SourceQuality "1"]
[TimeControl "600+3"]

1. e4 c6 2. Nf3 d5 3. Nc3 Bg4 4. h3 Bxf3 5. Qxf3 e6 6. Be2 Nd7 7. d4 Bb4 8. O-O Bxc3 9. bxc3 dxe4 10. Qxe4 Ngf6 11. Qf3 O-O 12. Rb1 Nb6 13. Ba3 Re8 14. c4 Qxd4 15. c5 Nbd7 16. Rfd1 Qa4 17. Rxb7 Ne5 18. Qb3 Qe4 19. Bf1 Ng6 20. Bb2 Nd5 21. c4 Ndf4 22. Rdd7 Rf8 23. Rxf7 Rxf7 24. Rxf7 Kxf7 25. Qb7+ Ne7 26. Qxa8 Qb1 27. Bxg7 Kxg7 28. Qe8 Neg6 29. Qd7+ Kh6 30. Qd2 Kg7 31. Qd7+ Kf6 32. Qd4+ Kf7 33. Qd7+ Ne7 34. Qd2 Qf5 35. Qe3 e5 36. g3 Ne6 37. Be2 Qg5 38. Qf3+ Kg7 39. Bd3 Nd4 40. Qe4 Ng6 41. h4 Qc1+ 42. Kg2 Qh6 43. f4 Qh5 44. fxe5 Qxe5 45. Qg4 Ne6 46. h5 Qxh5 47. Qxh5 Nef4+ 48. gxf4 Nxf4+ 49. Kf3 Nxh5 50. Be4 Nf6 51. Bxc6 Kf7 52. Bb7 Ke6 53. Kf4 h6 54. Bf3 Nd7 55. Bg4+ Ke7 56. c6 Nb6 57. c7 Kd6 58. c8=Q Nxc8 59. Bxc8 Kc5 60. Be6 1-0

[Event "Polish University-ch Open 2024"]
[Site "Lublin"]
[Date "2024.02.24"]
[Round "8.15"]
[White "Golecki, Jan"]
[Black "Lukasiewicz, Krzysztof"]
[Result "0-1"]
[ECO "B13"]
[WhiteElo "2185"]
[BlackElo "2290"]
[Annotator "TA"]
[PlyCount "58"]
[EventDate "2024.02.22"]
[EventType "swiss"]
[EventCountry "POL"]
[SourceTitle "playchess.com"]
[Source "ChessBase"]
[SourceQuality "1"]
[TimeControl "600+3"]

1. e4 c6 2. d4 d5 3. exd5 cxd5 4. Bd3 Nc6 5. c3 Qc7 6. Ne2 Bg4 7. f3 Bd7 8. O-O Nf6 9. Bf4 e5 10. dxe5 {[%emt 0:00:01] The position is equal.} Nxe5 11. Nd4 {[%emt 0:00:28] [#] Bxe5 is the strong threat.} Bd6 12. Kh1 O-O 13. Na3 a6 {[%emt 0:00:05] Wards off Ndb5} ({Better is} 13... Bxa3 $15 14. bxa3 Rfe8) 14. Nf5 (14. Bf5 $11) 14... Bxa3 $15 15. bxa3 Qxc3 16. Bc2 (16. Rc1 $11 Qxd3 17. Ne7+ Kh8 18. Bxe5 Qxd1 19. Rfxd1) 16... Nc4 {[%emt 0:00:42] Black is more active.} (16... Bxf5 $17 17. Bxf5 Rfe8) 17. Rc1 (17. Ne7+ $15 Kh8 18. Bg5) 17... Qxa3 (17... Bxf5 $1 $17 18. Bxf5 Qxa3) 18. Qe1 $2 {[%emt 0:01:02] White does not recover from this.} (18. Nxg7 $1 $11 {and White is okay.} Kxg7 19. Qe1) 18... Rfe8 (18... Qxa2 $2 19. Ne7+ Kh8 20. Qh4 $18) 19. Qh4 (19. Nh6+ $17 {might work better.} Kf8 (19... gxh6 20. Qh4 $11) 20. Qf2) 19... Bxf5 $1 $19 (19... Qxa2 $2 {is the wrong capture.} 20. Nxg7 Re2 21. Qxf6 $18) 20. Bxf5 {[%emt 0:00:08] A strong pair of Bishops.} Ne3 ({Weaker is} 20... Qxa2 21. g4 Qb2 22. g5 $15) 21. Bb1 (21. Bxe3 {was the crucial defense.} Rxe3 (21... Qxe3 $2 22. a4 $19) 22. Bc8) 21... Nxf1 {[%emt 0:00:44] Black is clearly winning.} 22. Rxf1 Qb2 23. Bg5 h6 24. Bxh6 gxh6 25. Qxh6 Re6 {[%emt 0:01:58][%cal Of6e4] Strongly threatening ...Ne4!} 26. g4 Qe2 27. Qg5+ Kf8 28. Qh6+ Ke7 29. Qh3 {[%emt 0:00:03] [#]} Rh8 $3 {[%emt 0:00:05][%mdl 512] Weighted Error Value: White=0.94/Black=0.29 (precise) .  Loses game:     	White=1     	---        Mistake:       	White=5     	Black=3      Inaccurate:     	---       	Black=2      OK:         	White=2     	Black=7      Best:        	---       	Black=2      Strong:       	---       	Black=1} 0-1

[Event "Polish University-ch Open 2024"]
[Site "Lublin"]
[Date "2024.02.24"]
[Round "8.16"]
[White "Majocha, Piotr"]
[Black "Pniaczek, Marek"]
[Result "0-1"]
[ECO "A06"]
[WhiteElo "2027"]
[BlackElo "2116"]
[Annotator "RC"]
[PlyCount "120"]
[EventDate "2024.02.22"]
[EventType "swiss"]
[EventCountry "POL"]
[SourceTitle "playchess.com"]
[Source "ChessBase"]
[SourceQuality "1"]
[TimeControl "600+3"]

1. Nf3 d5 2. e3 c5 3. c4 dxc4 4. Bxc4 Nf6 5. Qb3 e6 6. d4 Nc6 7. dxc5 Bxc5 8. O-O O-O 9. Bd2 a6 10. Be2 Qe7 11. Nc3 e5 12. Nd5 Nxd5 13. Qxd5 e4 14. Nd4 Rd8 15. Qc4 Nxd4 16. exd4 Bxd4 17. Bb4 Qf6 18. Rad1 Be6 19. Qc7 Rd7 20. Qc2 Qg6 21. Kh1 Rad8 22. b3 h6 23. Bc4 Bg4 24. Rde1 Bf5 25. Qc1 Qb6 26. Bd2 Bxf2 27. Re2 e3 28. Bxe3 Bxe3 29. Qxe3 Qxe3 30. Rxe3 Bg6 31. h3 b5 32. Be2 Rd2 33. a4 bxa4 34. bxa4 a5 35. Bb5 Rc8 36. Re8+ Rxe8 37. Bxe8 Re2 38. Bc6 Be4 39. Bxe4 Rxe4 40. Rf5 Rxa4 41. Kh2 g6 42. Rb5 Kg7 43. Rb6 Ra3 44. Ra6 h5 45. Kg1 h4 46. Kf2 g5 47. Kf1 f6 48. Kf2 Kg6 49. Ke2 Kf5 50. Kf2 Ke5 51. Ke2 f5 52. Rg6 Kf4 53. Kf2 Ra2+ 54. Kg1 a4 55. Rg8 a3 56. Rg7 Rb2 57. Kh2 a2 58. Ra7 Ke3 59. Ra5 Kd3 60. Ra6 Kc2 0-1

[Event "Polish University-ch Open 2024"]
[Site "Lublin"]
[Date "2024.02.24"]
[Round "8.17"]
[White "Hasterok, Mateusz"]
[Black "Chaczynski, Kamil"]
[Result "1/2-1/2"]
[ECO "D31"]
[WhiteElo "2150"]
[BlackElo "2118"]
[Annotator "RC"]
[PlyCount "48"]
[EventDate "2024.02.22"]
[EventType "swiss"]
[EventCountry "POL"]
[SourceTitle "playchess.com"]
[Source "ChessBase"]
[SourceQuality "1"]
[TimeControl "600+3"]

1. d4 d5 2. c4 e6 3. Nc3 a6 4. cxd5 exd5 5. Qb3 Nf6 6. Bg5 c5 7. Bxf6 gxf6 8. dxc5 d4 9. O-O-O Be6 10. Qxb7 Nd7 11. Rxd4 Bxc5 12. Rd1 Rb8 13. Qe4 Qa5 14. Qa4 Qb6 15. Qc2 Bxf2 16. Nf3 O-O 17. e4 Rfc8 18. Kb1 Bc5 19. Ka1 Bb4 20. Be2 Qa5 21. Qa4 Bxc3 22. Qxa5 Bxa5 23. Nd4 Ne5 24. Bxa6 Rd8 1/2-1/2

[Event "Polish University-ch Open 2024"]
[Site "Lublin"]
[Date "2024.02.24"]
[Round "8.18"]
[White "Drozdowski, Konrad"]
[Black "Galuszka, Tomasz"]
[Result "1/2-1/2"]
[ECO "A07"]
[WhiteElo "2117"]
[BlackElo "2181"]
[Annotator "RC"]
[PlyCount "68"]
[EventDate "2024.02.22"]
[EventType "swiss"]
[EventCountry "POL"]
[SourceTitle "playchess.com"]
[Source "ChessBase"]
[SourceQuality "1"]
[TimeControl "600+3"]

1. Nf3 d5 2. g3 c6 3. Bg2 Bg4 4. h3 Bxf3 5. Bxf3 Nd7 6. d4 e6 7. O-O Bd6 8. c4 Ngf6 9. Nd2 O-O 10. b3 Qc7 11. Bb2 a5 12. e4 dxe4 13. Nxe4 Nxe4 14. Bxe4 Nf6 15. Bg2 a4 16. Qc2 e5 17. c5 Be7 18. dxe5 Nd7 19. b4 Nxe5 20. a3 Bf6 21. Rad1 Nd7 22. Bc1 Rfe8 23. Rfe1 Rxe1+ 24. Rxe1 Nf8 25. Bf4 Qd7 26. Rd1 Qe6 27. Rd3 Ng6 28. Bd6 Qe1+ 29. Kh2 Re8 30. Rd1 Qe2 31. Rd2 Qe1 32. Rd1 Qe2 33. Rd2 Qe1 34. b5 cxb5 1/2-1/2

[Event "Polish University-ch Open 2024"]
[Site "Lublin"]
[Date "2024.02.24"]
[Round "9.1"]
[White "Kosakowski, Jakub"]
[Black "Szpar, Milosz"]
[Result "1-0"]
[ECO "D04"]
[WhiteElo "2482"]
[BlackElo "2495"]
[Annotator "TA"]
[PlyCount "159"]
[EventDate "2024.02.22"]
[EventType "swiss"]
[EventCountry "POL"]
[SourceTitle "playchess.com"]
[Source "ChessBase"]
[SourceQuality "1"]
[TimeControl "600+3"]

1. Nf3 d5 2. e3 c5 3. d4 Nf6 4. Nbd2 Nc6 5. dxc5 e6 6. a3 {[%emt 0:00:07] D04: Colle System.} a5 7. Bb5 Bxc5 8. b3 O-O 9. Bb2 Qe7 10. O-O Bd6 11. c4 Na7 12. a4 $146 ({Predecessor:} 12. Ba4 dxc4 13. Nxc4 Bc7 14. Nd4 Rd8 15. Qe2 e5 16. Nb5 Nxb5 17. Bxb5 e4 18. h3 {1-0 Mamedjarova,Z (2345)-Badelka,O (2407) TUR-chT Ankara 2018 (8.5)}) 12... e5 13. cxd5 Nxb5 14. axb5 Bd7 15. Nc4 Bxb5 16. Bxe5 Bxe5 17. Nfxe5 Rfd8 18. d6 Qe6 19. Qd4 Bxc4 20. Nxc4 b5 21. Nxa5 Rxd6 22. Nb7 Rxa1 23. Qxa1 Ra6 24. Qd4 Qd7 25. Qxd7 Nxd7 26. Rd1 g6 27. h3 Nf6 28. Nd6 Ra3 29. b4 Ra6 30. Nxb5 Rb6 31. Rd6 Rxb5 32. Rxf6 Rxb4 33. g3 h5 34. Kg2 Kg7 35. Rd6 Ra4 36. Kf3 Rb4 37. Rd4 Rb5 38. g4 hxg4+ 39. hxg4 Kf6 40. Kg3 g5 41. Kf3 Ra5 42. Ke4 Re5+ 43. Kd3 Ra5 44. f3 Ke6 45. Rb4 Rd5+ 46. Kc4 Rd1 47. Rb6+ Ke5 48. Rb5+ Kf6 49. Rd5 Rf1 50. Rf5+ Ke6 51. Kd3 ({Of course not} 51. Rxg5 Rxf3 52. Kd3 Rf1 $11) 51... f6 52. Ke4 Ra1 53. Rc5 Ra4+ 54. Kd3 Ra3+ 55. Rc3 Ra1 56. Rc4 Ra5 57. Rc2 Ra3+ 58. Ke2 Rb3 59. Kf2 Ra3 60. Rc6+ Ke5 61. Rc5+ Ke6 62. f4 gxf4 63. exf4 Rb3 64. Rc6+ Kf7 65. Rd6 Kg7 66. Re6 Ra3 67. Re3 Ra4 68. Kf3 Rb4 69. Re7+ Kh6 70. Ke3 Ra4 71. Rd7 $1 Ra1 72. Ke4 Ra5 73. Rd5 Ra6 $2 (73... Ra7 $11) 74. Kf5 Rb6 75. Rd8 Kg7 76. Rd7+ Kh6 77. g5+ (77. Rf7 Rb5+ 78. Kxf6 Rb6+ 79. Ke5 Rb5+ 80. Kd4 Rb4+ 81. Kc5 Rb8 82. g5+ Kg6 83. Rf6+ Kg7 $18) 77... fxg5 78. fxg5+ Kh5 79. Rh7+ Rh6 80. Rxh6# 1-0